AoeStats
← Gonorrea de mamut

Arabia

508931380Analyzed
1v1 RM · 8d ago on Sep 24, 2026· 75m 38s· 2 players
Game mode
Random Map
Map size
Tiny (2 player)
Population
200
Speed
Normal
Resources
Standard
Victory
Conquest
Starting age
Dark Age
Ending age
Imperial Age
RankedLock teamsTeams togetherTeam positionsShared explorationLock speedFull tech treeHidden civsTurbo modeCheats
Victory
Defeat
🇩🇰 Dravidians · Denmark
671
+14
🇧🇴 Teutons · Bolivia
621
-30
Gonorrea de mamut
0:32 Loom
12:35 Feudal Age
12:43 Man-at-Arms
14:02 Wheelbarrow
13:16 Horse Collar
13:24 Double-Bit Axe
13:32 Gold Mining
15:15 Scale Mail Armor
15:46 Town Watch
19:06 Forging
18:57 Padded Archer Armor
22:46 Castle Age
21:48 Fletching
24:15 Hand Cart
24:01 Town Patrol
23:24 Long Swordsman
23:49 Gambesons
24:05 Squires
23:50 Arson
25:49 Iron Casting
25:37 Pikeman
27:03 Heavy Plow
27:16 Bow Saw
26:44 Crossbowman
29:31 Chain Mail Armor
29:52 Leather Archer Armor
30:06 Leather Archer Armor
29:31 Elite Skirmisher
30:50 Bodkin Arrow
38:41 Imperial Age
38:09 Devotion
38:32 Redemption
38:45 Two-Handed Swordsman
38:46 Halberdier
39:47 Capped Ram
40:24 Champion
42:09 Two-Man Saw
43:53 Blast Furnace
43:23 Plate Mail Armor
43:24 Ring Archer Armor
48:29 Stone Mining
49:24 Block Printing
49:31 Sanctity
50:59 Stone Shaft Mining
52:27 Chemistry
52:42 Crop Rotation
57:12 Conscription
59:31 Ironclad
68:55 Ballistics
68:35 Onager
70:53 Ironclad
74:17 Masonry
Karsten Green
11:16 Feudal Age
9:32 Loom
12:46 Double-Bit Axe
16:36 Castle Age
15:02 Horse Collar
17:45 Bow Saw
23:08 Wheelbarrow
23:49 Scale Barding Armor
24:14 Forging
24:54 Chain Barding Armor
26:46 Hand Cart
26:36 Heavy Plow
29:55 Husbandry
31:23 Iron Casting
33:12 Gold Mining
33:13 Stone Mining
39:38 Imperial Age
38:19 Padded Archer Armor
38:10 Fletching
39:53 Scale Mail Armor
39:50 Bodkin Arrow
40:11 Leather Archer Armor
40:13 Masonry
40:18 Fortified Wall
40:28 Murder Holes
42:39 Two-Man Saw
43:28 Blast Furnace
45:10 Chain Mail Armor
46:49 Bracer
47:21 Ring Archer Armor
49:50 Plate Mail Armor
52:45 Chemistry
52:10 Ballistics
56:25 Man-at-Arms
57:49 Gambesons
60:09 Elite Elephant Archer
61:26 Long Swordsman
62:18 Light Cavalry
62:56 Crossbowman
63:42 Thumb Ring
64:13 Two-Handed Swordsman
70:27 Champion
74:46 Arson
Connection lost

Rejoining the realm…

Still unreachable

The connection could not be restored.

Session expired

The server has moved on; the page needs a fresh start.